 Dungeon Crawl Stone Soup version 0.32-a0-576-g706899e69d (webtiles) character file.

Game seed: 10927549218300798826

63 BeKind the Chiller (level 3, -2/26 HPs)
             Began as a Demonspawn Ice Elementalist on Mar 2, 2024.
             Slain by an orc
             ... wielding a +0 trident
              (4 damage)
             ... on level 3 of the Dungeon.
             The game lasted 00:02:27 (1956 turns).

BeKind the Chiller (Demonspawn Ice Elementalist)    Turns: 1956, Time: 00:02:27

Health: -2/26      AC:  4    Str:  8    XL:     3   Next: 87%
Magic:  7/7        EV: 12    Int: 17    God:
Gold:   203        SH:  0    Dex: 13    Spells: 6/7 levels left

rFire   . . .        n - +0 trident
rCold   . . .        (no shield)
rNeg    . . .        a - +0 robe
rPois   .            (no helmet)
rElec   .            (no cloak)
rCorr   .            (no gloves)
SInv    .            (no boots)
Will    .....        (no amulet)
Stlth   ++           (no ring)
HPRegen 0.24/turn    (no ring)
MPRegen 0.10/turn

%: no passive effects
@: no status effects
A: thin metallic scales 1
a: no special abilities


You were on level 3 of the Dungeon.
You visited 1 branch of the dungeon, and saw 3 of its levels.

You collected 203 gold pieces.

Inventory:

Hand Weapons
 d - a +0 dagger
 n - a +0 trident (weapon)
Armour
 a - a +0 robe (worn)
Scrolls
 c - a scroll of amnesia {unknown}
 f - a scroll of revelation {unknown}
 k - a scroll of brand weapon {unknown}
 l - 4 scrolls of identify {unknown}
 o - a scroll of vulnerability {unknown}
Potions
 b - a potion of magic
 e - a potion of curing {unknown}
 g - a potion of lignification {unknown}
 h - a potion of cancellation {unknown}
 i - a potion of attraction {unknown}
 j - 2 potions of heal wounds {unknown}
 m - a potion of resistance {unknown}


   Skills:
 - Level 1.3 Fighting
 + Level 2.4 Dodging
 - Level 1.7 Stealth
 * Level 2.6 Spellcasting
 + Level 4.0 Ice Magic


You had 6 spell levels left.
You knew the following spells:

 Your Spells              Type           Power      Damage    Failure   Level
a - Freeze                Ice            64%        1d7       3%          1

Your spell library contained the following spells:

 Spells                   Type           Power      Damage    Failure   Level
 Frozen Ramparts          Ice            32%        1d5       11%         3
 Ozocubu's Armour         Ice            16%        N/A       11%         3
 Summon Ice Beast         Ice/Summ       9%         N/A       24%         3
 Blink                    Tloc           4%         N/A       28%         2
 Lesser Beckoning         Tloc           4%         N/A       28%         2
 Momentum Strike          Conj/Tloc      4%         3d8       28%         2


Dungeon Overview and Level Annotations

Branches:
Dungeon (3/15)

Altars:


Innate Abilities, Weirdness & Mutations

You are partially covered in thin metallic scales. (AC +2)


Message History

You kill the goblin!
The orc hits you from afar with a +0 trident.
You barely miss the orc. The orc completely misses you. The orc misses you.
The orc barely misses you.
You hit the orc.
The orc is heavily wounded.
The orc misses you. The orc barely misses you.
The orc hits you but does no damage.
You completely miss the orc.
The orc is heavily wounded.
The orc hits you from afar with a +0 trident.
The orc hits you with a +0 club.
You barely miss the orc.
The orc is heavily wounded.
The orc hits you from afar with a +0 trident.
The orc closely misses you.
You hit the orc but do no damage.
The orc is heavily wounded.
The orc closely misses you. The orc misses you.
The orc hits you from afar with a +0 trident.
The orc hits you with a +0 club.
* * * LOW HITPOINT WARNING * * *
You hit the orc but do no damage.
The orc is heavily wounded.
The orc closely misses you. The orc hits you with a +0 club.
* * * LOW HITPOINT WARNING * * *
You barely miss the orc.
The orc is heavily wounded.
The orc hits you from afar with a +0 trident.
* * * LOW HITPOINT WARNING * * *
The orc hits you but does no damage.
You hit the orc but do no damage.
The orc is heavily wounded.
The orc barely misses you. The orc hits you with a +0 club.
* * * LOW HITPOINT WARNING * * *
The orc closely misses you.
You hit the orc.
You kill the orc!
The orc hits you from afar with a +0 trident.
You die...

#..#.#.# #..#.#.# #..#.#.#
#....#.# ### #...##.#####
....####........ .#
.........).##o###.######
#....$.......oo@........
..o..>###..######.####.#
#.... #..# #.# #.# ##.. #..#
#.# #.# ## #..# ##.## #.#
######..# ##...###.# ##
.........####.....##.###...#
..###.#...........<........#
##.#.####.....##.###...#


You could see 3 orcs.

Vanquished Creatures
  3 adders (D:2)
  2 ribbon worms (D:2)
  A dart slug (D:1)
  An orc (D:3)
  4 ball pythons
  3 endoplasms
  2 giant cockroaches (D:1)
  3 goblins
  2 quokkas (D:2)
  3 bats
  4 frilled lizards
  2 kobolds
  3 rats
33 creatures vanquished.

Notes
Turn   | Place    | Note
-------+----------+-------------------------------------------
     0 | D:1      | BeKind the Demonspawn Ice Elementalist began the quest for
                  | the Orb.
     0 | D:1      | Reached XP level 1. HP: 13/13 MP: 3/3
   279 | D:1      | Gained mutation: You are partially covered in thin metallic
                  | scales. (AC +2) [demonic ancestry]
   279 | D:1      | Reached XP level 2. HP: 18/20 MP: 5/5
  1074 | D:2      | Reached skill level 1 in Fighting
  1217 | D:2      | Reached XP level 3. HP: 22/26 MP: 2/6
  1551 | D:2      | Reached skill level 4 in Ice Magic
  1956 | D:3      | Slain by an orc

Illustrated notes

Levels and vault maps discovered:
D:1:      onia_arrival_mini_maze_b, layout_basic, amcnicky_mini_pool_small,
          hangedman_abyss_or_decor_lesser_grid, minmay_gold_behind_fungi,
          chequers_jeans
D:2:      layout_basic
D:3:      layout_loops_ring, serial_shops, shop, kennysheep_flooded_box

Skill      XL: |  1  2  3 |
---------------+----------+-----
Dodging        | 2 |  2.4
Fighting       | 1 |  1.3
Ice Magic      | 4 |  4.0
Stealth        | |  1.7
Spellcasting   | |  2.6

Action                     || total
---------------------------++-------
  Melee: Dagger            ||    62
         Unarmed           ||     3
         Trident           ||    38
   Cast: Freeze            ||    34
   Stab: Sleeping          ||     3
 Armour: Robe              ||    72
  Dodge: Dodged            ||    93

Table legend: (Time is in decaauts)
 A = Elapsed time spent in this place.
 B = Non-inter-level travel time spent in this place.
 C = Inter-level travel time spent in this place.
 D = Time resting spent in this place.
 E = Time spent auto-exploring this place.
 F = Levels seen in this place.
 G = Mean time per level.
                   A        B        C        D        E       F      G
               +--------+--------+--------+--------+--------+-----+--------+
         Total |   1965 |   1834 |    131 |      0 |   1512 |   3 |  655.0 |
       Dungeon |   1965 |   1834 |    131 |      0 |   1512 |   3 |  655.0 |
               +--------+--------+--------+--------+--------+-----+--------+

Top non-repeatable levels by time:
     D:1: 1023 daAuts
     D:2: 856 daAuts
     D:3: 85 daAuts
